 Dungeon Crawl Stone Soup version 0.23.1-41-g7e51ed3 (webtiles) character file.

Game seed: 16113232684577522068

37 night the Firebug (level 3, 0/19 HPs)
             Began as a Gargoyle Fire Elementalist on Mar 29, 2019.
             Was an Initiate of Cheibriados.
             Slain by a black bear (1 damage)
             ... on level 2 of the Dungeon.
             The game lasted 00:04:50 (1643 turns).

night the Firebug (Gargoyle Fire Elementalist)      Turns: 1643, Time: 00:04:51

Health: 0/19       AC:  5    Str: 17    XL:     3   Next: 39%
Magic:  1/6        EV: 12    Int: 17    God:    Cheibriados [......]
Gold:   94         SH:  0    Dex: 11    Spells: 3/6 levels left

rFire    . . .     SeeInvis .   d - +0 dagger
rCold    . . .     Gourm    .   (no shield)
rNeg     + . .     Faith    .   a - +0 robe
rPois    ∞         Spirit   .   (no helmet)
rElec    +         Reflect  .   (no cloak)
rCorr    .         Harm     .   (no gloves)
MR       .....                  (no boots)
Stlth    ++........             (no amulet)
HPRegen  0.06/turn              (no ring)
MPRegen  0.10/turn              (no ring)

@: mighty, very slightly contaminated, very slow
A: negative energy resistance 1, electricity resistance, unbreathing,
petrification resistance, rot immunity, AC +3
a: Bend Time, Renounce Religion


You were on level 2 of the Dungeon.
You worshipped Cheibriados.
Cheibriados was noncommittal.
You were not hungry.

You visited 1 branch of the dungeon, and saw 2 of its levels.

You collected 94 gold pieces.

Inventory:

Hand Weapons
 d - a +0 dagger (weapon)
 k - a +0 club
 n - a +0 hunting sling
Missiles
 b - 77 stones (quivered)
 h - 32 bolts
 l - 16 sling bullets
 m - 24 arrows
Armour
 a - a +0 robe (worn)
Scrolls
 f - a scroll of enchant armour {unknown}
 g - 3 scrolls of identify {unknown}
Potions
 e - a potion of lignification {unknown}
 i - a potion of degeneration {unknown}
 j - a potion of heal wounds {unknown}
 p - a potion of might
Comestibles
 c - 3 rations


   Skills:
 - Level 1.5 Dodging
 - Level 2.1 Stealth
 + Level 2.4 Spellcasting
 * Level 2.2 Conjurations
 * Level 3.5 Fire Magic


You had 3 spell levels left.
You knew the following spells:

 Your Spells              Type           Power        Failure   Level  Hunger
a - Flame Tongue          Conj/Fire      ##...        5%          1    #......
b - Throw Flame           Conj/Fire      ##....       9%          2    ##.....

Your spell library contained the following spells:

 Spells                   Type           Power        Failure   Level  Hunger
 Conjure Flame            Conj/Fire      ##......     17%         3    ###....
 Inner Flame              Hex/Fire       #.......     26%         3    ###....
 Sticky Flame             Conj/Fire      ##......     50%         4    #####..
 Fireball                 Conj/Fire      ##........   83%         5    ######.


Dungeon Overview and Level Annotations

Branches:
Dungeon (2/15)

Altars:
Cheibriados


Innate Abilities, Weirdness & Mutations

You are resistant to torment.
Your stone body is resilient. (AC +3)
You are immune to poison.
You resist negative energy. (rN+)
You are resistant to electric shocks. (rElec)
You can survive without breathing.
You are immune to petrification.
You are immune to rotting.


Message History

The black bear claws you but does no damage.
The black bear closely misses you.
You hit the black bear but do no damage.
The black bear is severely wounded.
The black bear closely misses you.
The black bear claws you but does no damage.
The black bear claws you.
You hit the black bear.
The black bear is severely wounded.
The black bear closely misses you. The black bear misses you.
The black bear claws you.
The black bear bites you but does no damage.
The black bear claws you but does no damage.
The black bear barely misses you.
It was a potion of might.
You feel very mighty all of a sudden. The black bear bites you!
* * * LOW HITPOINT WARNING * * *
The black bear claws you.
You die...

####### #.....# #.....#
##.....# ##......# #.......# .
#######)#.....# ..?
#...<...##.##########.....
######.#######..@h.............
.....#.#........##########.....
####.....#####.## $..
......#....# #.# .
..#####.##.###.#
#........#..##.########
####<...........[.....##
#..######.[#.######..### ##.##
##...# ##...#


You could see a black bear (berserk).

Vanquished Creatures
  An adder (D:2)
  An ooze (D:2)
  A dart slug (D:2)
  A leopard gecko (D:1)
  A giant cockroach (D:1)
  2 hobgoblins (D:2)
  5 kobolds
  A quokka (D:2)
  4 frilled lizards
  2 goblins
  5 rats
24 creatures vanquished.

Notes
Turn   | Place    | Note
-------+----------+-------------------------------------------
     0 | D:1      | night the Gargoyle Fire Elementalist began the quest for
                  | the Orb.
     0 | D:1      | Reached XP level 1. HP: 10/10 MP: 3/3
   274 | D:1      | Reached XP level 2. HP: 15/15 MP: 3/5
   952 | D:2      | Learned a level 2 spell: Throw Flame
  1191 | D:2      | Reached XP level 3. HP: 19/19 MP: 0/6
  1318 | D:2      | Found a snail-covered altar of Cheibriados.
  1333 | D:2      | Became a worshipper of Cheibriados the Contemplative
  1625 | D:2      | Noticed a black bear
  1643 | D:2      | Slain by a black bear

Skill      XL: |  1  2 |
---------------+-------+-----
Conjurations   | 2 |  2.2
Dodging        | |  1.5
Stealth        | |  2.1
Spellcasting   | |  2.4
Fire Magic     | |  3.5

Action                   || total
-------------------------++-------
Melee: Unarmed           ||    10
       Dagger            ||    21
       Club              ||     4
 Cast: Flame Tongue      ||    29
       Throw Flame       ||     9
  Use: Potion            ||     1
 Stab: Sleeping          ||     2
  Eat: Chunk             ||     3
Armor: Robe              ||    13
Dodge: Dodged            ||    34
